Zazza, neutral female human Tourist # ---------- ------- |........| |.....| |........| |.....| ------- |....<..(-##################################`|.....|########......| -------.-- #|......########|.....| # -|-----# #......| # ######################################## |.....| # # # # # |.....| -------.---### ---------------- # ------- |..........# ###|..............| # #### |.........| |.............>.######## # # |..........#####-..............| # # ### |........`| |...............############-.---------######## # ----------- ---------------- # #|r........|# --.---|-- ###|.@.......|# |.......| #..........|# |...{...| |.........|# |.......| |.........|# --------- -----------# Zazza the Rambler Experience level: 2 Strength: 9 Dexterity: 7 Constitution: 16 Intelligence: 14 Wisdom: 13 Charisma: 17 Health: 4(28) Energy: 9(9) Def: 0 Gold: 163 Moves: 2020 Dungeon seed: NosfTb3xt4XDiP7d Game ID: Zazza_1574671267 Your Inventory: Coins $ - 163 gold pieces Weapons a - 24 +2 darts (in quiver) z - a +0 long sword (weapon in hand) P - a +0 orcish spear Armor e - an uncursed +0 Hawaiian shirt (being worn) Comestibles b - an uncursed tripe ration c - an uncursed sprig of wolfsbane d - 7 uncursed food rations g - an uncursed egg h - 2 uncursed cream pies w - an uncursed egg Scrolls j - 2 uncursed scrolls of magic mapping Q - an uncursed scroll of identify Potions r - an uncursed potion of levitation B - a potion of unholy water H - an uncursed potion of water K - an uncursed potion of restore ability M - a cursed potion of fruit juice R - an uncursed potion of fruit juice Rings n - an uncursed -2 ring of gain constitution t - a cursed -1 ring of gain strength C - an uncursed ring of levitation G - an uncursed ring of sustain ability (on left hand) O - a cursed ring of teleportation Wands u - a wand of sleep (0:4) v - a wand of cancellation (0:5) D - a wand of locking (0:8) F - a wand of create monster (0:14) N - a wand of fire (0:4) Tools k - an expensive camera (0:47) l - an uncursed credit card m - a magic marker (0:76) Gems q - an uncursed worthless piece of black glass y - 3 uncursed worthless pieces of blue glass Y - an uncursed jade stone Spells and supernatural/magical abilities: Name Level Category Fail Memory W - pray for help -- divine ? -- Your skills at the end: Fighting Skills Weapon Skills dart [Basic] Spellcasting Skills Final Attributes: You were fervently aligned. You were telepathic. You had fixed abilities. You were unlucky. The Lady was angry with you. You are dead. Vanquished creatures: 2 coyotes a hobbit a large kobold 2 giant rats a yellow mold 8 jackals a fox a kobold a grid bug a bat 7 lichens a kobold zombie 5 newts 32 creatures vanquished. Voluntary challenges: You had been an atheist until turn 1853. You used a wielded weapon 14 times, starting on turn 1590. You read items or engraved 8 times, starting on turn 317. You never genocided any monsters. You never polymorphed an object. You never changed form. You used no wishes. You never split a pudding. You wrote Elbereth's name 2 times, starting on turn 596. You never violated your personal moral code. Dungeon overview: The Dungeons of Doom: levels 1 to 6 Level 1 a fountain a long staircase Level 2 a general store Level 3 a long staircase Level 4 Level 6 <- You were here a fountain History has recorded: On T:1 you entered the Dungeons of Doom to retrieve the Amulet of Yendor! On T:557 you reached level 2 of The Dungeons of Doom. On T:1079 you reached level 3 of The Dungeons of Doom. On T:1575 you reached level 4 of The Dungeons of Doom. On T:1579 you reached level 6 of The Dungeons of Doom. On T:1866 you advanced to experience level 2. Score breakdown: Gold: 0 ( 0 points) Experience: 2 levels ( 5570 points) Exploration: 6 levels ( 12.00%) ( 9583 points) Discoveries: 4 items ( 1.34%) ( 3475 points) Valuables value: (no points given unless you survive) Artifact value: 0 ( 0 points) Variety of kills: 13 monsters ( 3.41%) ( 5541 points) Turncount: 2020 turns ( -15 points) Survival: died (score multiplied by 80%) Total score: 19323 Latest messages: You read: "Elbereth". You take off your ring of levitation. You float gently to the floor. a - a +2 dart (in quiver). There are several objects here. Ulch! That meat was tainted! You feel deathly sick. Never mind. You begin praying to The Lady. You feel that The Lady is displeased. Your feet are frozen to the floor! The giant rat bites! (10x) You die from your illness. Final status: Aloha Zazza the Tourist, poisoned by a rotted coyote corpse, while frozen by a potion... You were poisoned in The Dungeons of Doom on dungeon level 6 with 19323 points, and 163 pieces of gold, after 2020 moves. You were level 2 with a maximum of 28 hit points when you were poisoned.